 Dungeon Crawl Stone Soup version 0.29.0-15-g675c0067aa (webtiles) character file.

Game seed: 6098256601691754487

185154 qw the Severer (level 18, -16/116 HPs)
             Began as a Gargoyle Fighter on Sept 12, 2022.
             Was a High Priest of Okawaru.
             Killed from afar by Mara (54 damage)
             ... with a bolt of fire
             ... on level 4 of the Swamp.
             The game lasted 00:14:04 (29621 turns).

qw the Severer (Gargoyle Fighter)                  Turns: 29621, Time: 00:14:05

Health: -16/116    AC: 57    Str: 25    XL:     18   Next: 43%
Magic:  33/34      EV: 13    Int: 17    God:    Okawaru [*****.]
Gold:   2763       SH: 23    Dex:  9    Spells: 17/17 levels left

rFire   . . .      SeeInvis .   l - +9 broad axe of Defiance {flame, rPois Str-4 Int+3 Stlth+}
rCold   + . .      Faith    .   K - +2 tower shield {rC+}
rNeg    + . .      Spirit   .   u - +4 plate armour
rPois   inf        Reflect  .   A - +2 helmet
rElec   +          Harm     .   G - +2 cloak {Will+}
rCorr   .          Rampage  .   f - +5 pair of gloves of Tune {MP+9 Int+4}
Will    +++..                   g - +1 pair of boots
Stlth   ..........              I - amulet "Cyowuvic" {Will+ Regen+ Str+2}
HPRegen 1.09/turn               x - +4 ring of protection
MPRegen 0.24/turn               y - +4 ring of evasion

@: heroic, finesse-ful, flying
A: sickness immunity, AC +13, big wings, negative energy resistance 1,
electricity resistance, torment resistance 1, petrification resistance
a: Renounce Religion, Heroism, Finesse, Duel


You were on level 4 of the Swamp.
You worshipped Okawaru.
Okawaru was extremely pleased with you.
You visited 6 branches of the dungeon, and saw 30 of its levels.

You collected 3143 gold pieces.
You spent 380 gold pieces at shops.


Innate Abilities, Weirdness & Mutations

You are immune to sickness and miasma.
Your stone body is resilient. (AC +13)
You are immune to poison.
Your large and strong wings let you fly.
You resist negative energy. (rN+)
You are resistant to electric shocks. (rElec)
You are resistant to unholy torment.
You are immune to petrification.


   Skills:
 - Level 14.0(19.0) Fighting
 - Level 18.0(23.0) Axes
 - Level 8.0(13.0) Throwing
 - Level 14.0(19.0) Armour
 - Level 3.0(8.0) Dodging
 + Level 17.6(22.6) Shields
 - Level 10.0 Invocations


You had 17 spell levels left.
You didn't know any spells.
Your spell library was empty.

Inventory:

Hand Weapons
 l - the +9 broad axe of Defiance (weapon) {flame, rPois Str-4 Int+3 Stlth+}
   (You acquired it on level 8 of the Dungeon)

   It burns those it strikes, dealing additional fire damage.
   Big, fiery blades are also staple armaments of hydra-hunters.
   Str:       It affects your strength (-4).
   Int:       It affects your intelligence (+3).
   rPois:     It protects you from poison.
   Stlth:     It makes you more stealthy.
Missiles
 c - 29 boomerangs (quivered)
 D - 2 silver javelins
 F - 7 javelins
Armour
 f - the +5 pair of gloves of Tune (worn) {MP+9 Int+4}
   (Okawaru gifted it to you on level 3 of the Swamp)

   Int:       It affects your intelligence (+4).
   MP:        It affects your magic capacity (+9).
 g - a +1 pair of boots (worn)
 h - a +2 tower shield of reflection
 t - +0 acid dragon scales
 u - a +4 plate armour (worn)
 A - a +2 helmet (worn)
 C - +0 fire dragon scales
 G - a +2 cloak of willpower (worn)
 K - a +2 tower shield of cold resistance (worn)
Jewellery
 r - a ring of ice
 w - a ring of protection from fire
 x - a +4 ring of protection (left hand)
 y - a +4 ring of evasion (right hand)
 z - a ring of protection from fire
 B - an amulet of reflection
 H - a ring of protection from cold
 I - the amulet "Cyowuvic" (around neck) {Will+ Regen+ Str+2}
   (You found it on level 5 of the Lair of Beasts)

   [amulet of regeneration]

   Str:       It affects your strength (+2).
   Regen:     It increases your rate of health regeneration.
   Will:      It increases your willpower.
Scrolls
 i - 2 scrolls of brand weapon
 o - 18 scrolls of identify
 p - 2 scrolls of enchant weapon
 q - 5 scrolls of blinking
 s - 7 scrolls of teleportation
Potions
 a - 18 potions of curing
 b - 3 potions of lignification
 d - 4 potions of might
 e - 4 potions of magic
 j - 11 potions of attraction
 m - 3 potions of mutation
 n - 5 potions of haste
 E - 2 potions of cancellation

Dungeon Overview and Level Annotations

Branches:
Dungeon (15/15)            Temple (1/1) D:5            Lair (5/5) D:10
  Swamp (4/4) Lair:3        Snake (3/4) Lair:2        Slime (0/5) Lair:5
    Orc (2/2) D:10            Elf (0/3) Orc:2        Vaults (0/5) D:13
 Depths (0/4) D:15

Altars:
Ashenzari
Cheibriados
Dithmenos
Elyvilon
Fedhas
Gozag
Hepliaklqana
Kikubaaqudgha
Makhleb
Nemelex Xobeh
Okawaru
Qazlal
Ru
Sif Muna
Trog
Uskayaw
Vehumet
Wu Jian
Xom
Yredelemnul
Zin
The Shining One

Shops:
Orc:2 ?*:?

Portals:
Ice
Cave: Snake:3

Annotations:
D:6 3 runed translucent doors, qw's ghost, weakling GrDe
D:8 3 runed translucent doors, qw's ghost, novice GrDe
Lair:3 3 runed translucent doors, qw's ghost, journeyman TrCA
Swamp:4 Mara


Message History

Mara hits you from afar with a +2 demon trident of pain!!
You writhe in agony.
You hit qw's illusion but do no damage.
Qw's illusion is moderately damaged.
Mara hits you but does no damage.
You writhe in agony.
You hit qw's illusion but do no damage.
Qw's illusion is moderately damaged.
You block qw's illusion's attack.
You slash qw's illusion! You burn qw's illusion.
Qw's illusion is moderately damaged.
Mara blinks!
You hit qw's illusion but do no damage.
Qw's illusion is moderately damaged.
Mara splashes around in the water.
Qw's illusion hits you but does no damage.
You hit qw's illusion but do no damage.
Qw's illusion is moderately damaged.
You miss qw's illusion.
Qw's illusion is moderately damaged.
You hit qw's illusion but do no damage.
Qw's illusion is moderately damaged.
Mara hits you but does no damage. You block qw's illusion's attack.
You barely miss qw's illusion.
Qw's illusion is moderately damaged.
Mara blinks!
You slash qw's illusion! You burn qw's illusion!
Qw's illusion is heavily damaged.
You slice qw's illusion!! You burn qw's illusion!
Qw's illusion is almost destroyed.
You block Mara's attack.
Qw's illusion hits you but does no damage.
You slash qw's illusion! You burn qw's illusion.
You destroy qw's illusion!
Qw's illusion shimmers and vanishes!
Mara hits you but does no damage.
You writhe in agony.
Mara blinks!
You slash Mara! You burn Mara.
Mara is lightly wounded.
Mara gestures at you. The bolt of fire hits you!!!
You die...

¤~~.~~.~7.~~~~~~¤~~~~~~..
777~~....~....~~~.~...77
7¤....~~..~¤..~.~.~.7~~.
77.~~¤~~¤...~~~~.~~.~~~~~
777.~~~~.7%..~~~.~~~.~~..
7~.%¤¤~~~..R..~~..~¤.~~.~
7.%~~~~¤%~R%¤..~.~~¤....7~.
77~¤~~.~~[%~~[(.~....~~.77@.
7.~~~~..%7.@..¤~.~~~.¤.~77(~
7.~~~~.77~R......7.~.~..7~(~
7¤.~~~¤.77~~~.7#..?~#77.~.~(~
77~.~~~.~.~~.7###.### ##.../
77.~~~.~~.~7# ..~~ ...
7.~~~~~..## .~¤. 7~~~~¤~~~7#
~.~¤! 77.~~~~.¤ ~~~


You could see 3 Maras.

Vanquished Creatures
  Vashnia (Snake:2)
  the Lernaean hydra (Swamp:4)
  Nikola (Swamp:3)
  Jorgrun (Snake:2)
  A tentacled monstrosity (Swamp:1)
  Mlioglotl (Snake:2)
  Kirke (D:12)
  3 thorn hunters
  Donald (Swamp:1)
  A nagaraja (Snake:2)
  A fenstrider witch (Swamp:4)
  An orc warlord (Orc:2)
  Aizul (Snake:2)
  A bunyip (Swamp:4)
  5 eleionomae
  2 fire dragons
  2 shambling mangroves (Swamp:4)
  An ice dragon (D:15)
  A salamander tyrant (Snake:2)
  26 hydras
  2 ogre magi
  2 boulder beetles
  4 catoblepae
  4 vault guards (D:13)
  A ghost crab (Swamp:4)
  2 anacondas
  3 centaur warriors
  4 two-headed ogres
  2 orc high priests
  10 alligators
  10 naga warriors
  5 tengu warriors
  13 naga sharpshooters
  A spriggan berserker (Swamp:4)
  6 death yaks (Lair:5)
  3 shock serpents (Snake:3)
  A deep elf knight (D:13)
  6 goliath frogs
  2 salamander mystics (Snake:2)
  5 skeletal warriors (D:15)
  4 spriggan druids
  9 swamp dragons
  2 bog bodies
  A deep elf archer (D:13)
  3 lindwurms (Swamp:4)
  7 deep elf pyromancers
  5 naga ritualists
  A wizard (D:13)
  9 mana vipers
  2 oklob plants (Lair:4)
  8 orc knights
  4 orc sorcerers (Orc:2)
  11 ugly things
  8 salamanders
  7 manticores
  2 cyclopes (D:13)
  3 will-o-the-wisps
  6 elephants (Lair:5)
  An ice statue (Snake:3)
  20 black mambas
  11 naga magi
  A guardian serpent (Snake:3)
  Maurice (Orc:1)
  7 cane toads
  A gargoyle (D:11)
  6 kobold demonologists (D:8)
  An unseen horror (D:12)
  2 rime drakes
  8 komodo dragons
  5 yaktaurs (D:15)
  An efreet (D:14)
  A tengu conjurer (D:14)
  4 polar bears
  9 tyrant leeches
  8 trolls
  11 hornets
  22 blink frogs
  5 dream sheep (Lair:3)
  A shadow (D:8)
  A wraith (D:13)
  9 spriggans
  2 vampires
  5 wyverns
  A hog (D:12)
  5 humans (D:12)
  41 yaks
  A basilisk (Lair:1)
  A steam dragon (D:8)
  3 wargs
  12 vampire mosquitoes
  27 nagas
  15 swamp worms
  4 acid dragons
  11 water moccasins
  2 sky beasts
  51 orc warriors
  10 swamp drakes
  5 black bears
  5 ice beasts
  8 ogres
  22 centaurs
  4 boggarts (D:14)
  13 wolves
  4 kobold brigands
  19 bullfrogs
  4 scorpions
  A necrophage (D:6)
  A gnoll sergeant (D:11)
  11 killer bees
  4 howler monkeys
  2 hounds
  3 jellies
  15 orc priests
  Terence (D:2)
  7 iguanas
  Natasha (thrice) (D:2)
  19 orc wizards
  10 gnolls
  4 adders
  A shadow imp (D:7)
  3 white imps
  2 ufetubi
  A worm (D:2)
  4 dart slugs
  82 orcs
  10 bats
  9 endoplasms
  A giant cockroach (D:1)
  9 goblins
  7 hobgoblins
  4 quokkas
  6 ball pythons
  3 frilled lizards (D:1)
  16 kobolds
  3 rats (D:3)
  3 briar patches (Swamp:4)
887 creatures vanquished.

Vanquished Creatures (others)
  2 hydras
  A goliath frog (Swamp:3)
  A bloated husk (Swamp:3)
  A hornet (Swamp:3)
  A spriggan (Swamp:3)
  A swamp worm (Swamp:3)
  An orc (Orc:2)
  8 briar patches
  6 foxfires
  21 fungi
  25 plants
68 creatures vanquished.

Grand Total: 955 creatures vanquished

Notes
Turn   | Place    | Note
-------+----------+-------------------------------------------
     0 | D:1      | qw the Gargoyle Fighter began the quest for the Orb.
     0 | D:1      | Reached XP level 1. HP: 14/14 MP: 1/1
     0 | D:1      | 0 ||| qw: Version: 0.1-a-119-g272c26d
     0 | D:1      | 0 ||| qw: Game counter: 10818
     0 | D:1      | 0 ||| qw: Always use a shield: true
     0 | D:1      | 0 ||| qw: God list: Okawaru
     0 | D:1      | 0 ||| qw: Allow faded altars: false
     0 | D:1      | 0 ||| qw: Do Orc after D:15 true
     0 | D:1      | 0 ||| qw: Do second Lair branch before Depths: true
     0 | D:1      | 0 ||| qw: Lair rune preference: random
     0 | D:1      | 0 ||| qw: Plans: Normal, Zot, God:TSO, Crypt, Tomb, Pan,
                  | Slime, Hells, Zig, Abyss, Orb
     0 | D:1      | 0 ||| PLANNING D:1-11
   182 | D:1      | Reached skill level 2 in Axes
   235 | D:1      | Reached XP level 2. HP: 19/19 MP: 2/2
   237 | D:1      | 237 ||| Stepping ~*~*~tactically~*~*~ (stealth).
   250 | D:1      | 250 ||| Stepping ~*~*~tactically~*~*~ (stealth).
   252 | D:1      | 252 ||| Stepping ~*~*~tactically~*~*~ (stealth).
   253 | D:1      | HP: 3/19 [kobold/+0 short sword (4)]
   256 | D:1      | 256 ||| Stepping ~*~*~tactically~*~*~ (stealth).
   257 | D:1      | 257 ||| Stepping ~*~*~tactically~*~*~ (stealth).
   258 | D:1      | 258 ||| Stepping ~*~*~tactically~*~*~ (stealth).
   259 | D:1      | 259 ||| Stepping ~*~*~tactically~*~*~ (stealth).
   262 | D:1      | 262 ||| Stepping ~*~*~tactically~*~*~ (stealth).
   744 | D:1      | 744 ||| DROPPING +0 club.
   907 | D:1      | Reached skill level 3 in Axes
  1025 | D:1      | Reached XP level 3. HP: 23/23 MP: 3/3
  1439 | D:1      | 1439 ||| UPGRADING to +0 plate armour.
  1449 | D:1      | 1449 ||| DROPPING +0 scale mail.
  1450 | D:1      | 1450 ||| UPGRADING to +0 pair of gloves.
  1455 | D:1      | 1455 ||| UPGRADING to amulet of guardian spirit.
  1460 | D:1      | 1460 ||| READING scroll labelled YROSAG KIDIGUU.
  1461 | D:1      | 1461 ||| READING scroll labelled UZOUGH SONTI.
  1462 | D:1      | 1462 ||| READING scroll labelled WOODIM TIUNAK.
  1463 | D:1      | 1463 ||| READING scroll labelled NIN ALAUB BATE.
  1587 | D:2      | 1587 ||| FLEEEEING.
  1722 | D:2      | 1722 ||| FLEEEEING.
  1723 | D:2      | 1723 ||| FLEEEEING.
  1724 | D:2      | 1724 ||| FLEEEEING.
  1771 | D:2      | Noticed Terence
  1781 | D:2      | HP: 5/23 [Terence/+2 flail of protection (7)]
  1785 | D:2      | Killed Terence
  1786 | D:2      | Reached skill level 4 in Axes
  1786 | D:2      | Reached XP level 4. HP: 6/28 MP: 0/4
  2026 | D:2      | 2026 ||| DROPPING +0 whip.
  2067 | D:2      | Noticed Natasha
  2068 | D:2      | 2068 ||| Stepping ~*~*~tactically~*~*~ (hiding).
  2076 | D:2      | Killed Natasha
  2086 | D:2      | 2086 ||| Stepping ~*~*~tactically~*~*~ (stealth).
  2087 | D:2      | Noticed Natasha
  2088 | D:2      | 2088 ||| Stepping ~*~*~tactically~*~*~ (hiding).
  2098 | D:2      | HP: 6/28 [frozen (5)]
  2101 | D:2      | Killed Natasha
  2102 | D:2      | Reached XP level 5. HP: 7/32 MP: 1/5
  2575 | D:2      | 2575 ||| Stepping ~*~*~tactically~*~*~ (stealth).
  2626 | D:2      | Noticed Natasha
  2631 | D:2      | Killed Natasha
  2632 | D:2      | Reached skill level 5 in Axes
  2643 | D:2      | 2643 ||| READING scroll labelled LIAPSA GYRUS.
  2644 | D:2      | 2644 ||| READING scroll labelled YHYMNE NORO.
  2645 | D:2      | 2645 ||| READING scroll labelled WOILENKEAZ.
  2759 | D:3      | Found a hazy altar of Hepliaklqana.
  3192 | D:3      | Reached XP level 6. HP: 38/38 MP: 6/6
  3328 | D:3      | 3328 ||| Stepping ~*~*~tactically~*~*~ (hiding).
  3539 | D:3      | 3539 ||| READING scroll labelled KUAM ZOIRHOMP.
  3591 | D:3      | 3591 ||| READING scroll labelled VUGOEQOBLA.
  3595 | D:3      | 3595 ||| DRINKING 2 clear potions.
  3596 | D:3      | 3596 ||| DRINKING 2 white potions.
  3597 | D:3      | 3597 ||| DRINKING 2 fuming sapphire potions.
  3598 | D:3      | 3598 ||| DROPPING potion of magic.
  3599 | D:3      | 3599 ||| DROPPING potion of flight.
  3604 | D:3      | 3604 ||| Stepping ~*~*~tactically~*~*~ (hiding).
  3717 | D:4      | Found a sparkling altar of Nemelex Xobeh.
  4030 | D:4      | Found a basalt altar of Yredelemnul.
  4072 | D:4      | Found a hide-covered altar of Uskayaw.
  4132 | D:4      | 4132 ||| UPGRADING to ring of protection from fire.
  4133 | D:4      | 4133 ||| READING scroll labelled GEAFFY COOMA.
  4134 | D:4      | 4134 ||| READING scroll labelled WOAPSYA RERPHUD.
  4235 | D:4      | 4235 ||| READING 2 scrolls labelled AVEEGO SOTU PAIHO.
  4251 | D:5      | Entered Level 5 of the Dungeon
  4251 | D:5      | Noticed a water moccasin
  4252 | D:5      | 4252 ||| PLANNING OSSUARY
  4259 | D:5      | Killed a water moccasin
  4260 | D:5      | Reached skill level 6 in Axes
  4260 | D:5      | Reached XP level 7. HP: 37/43 MP: 5/7
  4260 | D:5      | 4260 ||| STAIRDANCE
  4366 | D:5      | 4366 ||| Stepping ~*~*~tactically~*~*~ (stealth).
  4366 | D:5      | Found a staircase to the Ecumenical Temple.
  4367 | D:5      | 4367 ||| PLANNING TEMPLE
  4367 | D:5      | 4367 ||| FLEEEEING.
  4368 | D:5      | 4368 ||| FLEEEEING.
  4369 | D:5      | 4369 ||| FLEEEEING.
  4370 | D:5      | 4370 ||| FLEEEEING.
  4373 | D:5      | 4373 ||| FLEEEEING.
  4374 | D:5      | 4374 ||| FLEEEEING.
  4375 | D:5      | 4375 ||| FLEEEEING.
  4376 | D:5      | 4376 ||| FLEEEEING.
  4377 | D:5      | 4377 ||| FLEEEEING.
  4378 | D:5      | 4378 ||| FLEEEEING.
  4379 | D:5      | 4379 ||| FLEEEEING.
  4381 | D:5      | 4381 ||| FLEEEEING.
  4384 | D:5      | 4384 ||| FLEEEEING.
  4385 | D:5      | 4385 ||| FLEEEEING.
  4386 | D:5      | 4386 ||| FLEEEEING.
  4387 | D:5      | 4387 ||| FLEEEEING.
  4388 | D:5      | 4388 ||| FLEEEEING.
  4389 | D:5      | 4389 ||| FLEEEEING.
  4390 | D:5      | 4390 ||| FLEEEEING.
  4391 | D:5      | 4391 ||| FLEEEEING.
  4392 | D:5      | 4392 ||| FLEEEEING.
  4395 | D:5      | 4395 ||| FLEEEEING.
  4396 | D:5      | 4396 ||| FLEEEEING.
  4397 | D:5      | 4397 ||| FLEEEEING.
  4398 | D:5      | 4398 ||| FLEEEEING.
  4399 | D:5      | 4399 ||| FLEEEEING.
  4400 | D:5      | 4400 ||| FLEEEEING.
  4401 | D:5      | 4401 ||| FLEEEEING.
  4402 | D:5      | 4402 ||| FLEEEEING.
  4404 | D:5      | 4404 ||| FLEEEEING.
  4405 | D:5      | 4405 ||| FLEEEEING.
  4406 | D:5      | 4406 ||| FLEEEEING.
  4407 | D:5      | 4407 ||| STAIRDANCE
  4411 | D:5      | 4411 ||| STAIRDANCE
  4415 | D:5      | 4415 ||| STAIRDANCE
  4457 | D:5      | 4457 ||| STAIRDANCE
  4484 | D:5      | 4484 ||| FLEEEEING.
  4485 | D:5      | 4485 ||| FLEEEEING.
  4486 | D:5      | 4486 ||| STAIRDANCE
  4490 | D:5      | 4490 ||| STAIRDANCE
  4509 | D:5      | 4509 ||| STAIRDANCE
  4513 | D:5      | 4513 ||| STAIRDANCE
  4517 | D:5      | 4517 ||| STAIRDANCE
  4521 | D:5      | 4521 ||| STAIRDANCE
  4525 | D:5      | 4525 ||| STAIRDANCE
  4529 | D:5      | 4529 ||| STAIRDANCE
  4605 | D:5      | 4605 ||| Stepping ~*~*~tactically~*~*~ (stealth).
  4616 | D:5      | 4616 ||| FLEEEEING.
  4617 | D:5      | 4617 ||| FLEEEEING.
  4618 | D:5      | 4618 ||| FLEEEEING.
  4620 | D:5      | 4620 ||| FLEEEEING.
  4621 | D:5      | 4621 ||| FLEEEEING.
  4622 | D:5      | 4622 ||| FLEEEEING.
  4623 | D:5      | 4623 ||| FLEEEEING.
  4624 | D:5      | 4624 ||| FLEEEEING.
  4625 | D:5      | 4625 ||| FLEEEEING.
  4626 | D:5      | 4626 ||| FLEEEEING.
  4628 | D:5      | 4628 ||| FLEEEEING.
  4629 | D:5      | 4629 ||| FLEEEEING.
  4630 | D:5      | 4630 ||| FLEEEEING.
  4631 | D:5      | 4631 ||| FLEEEEING.
  4632 | D:5      | 4632 ||| FLEEEEING.
  4633 | D:5      | 4633 ||| FLEEEEING.
  4634 | D:5      | 4634 ||| FLEEEEING.
  4635 | D:5      | 4635 ||| FLEEEEING.
  4644 | D:5      | HP: 9/43 [gnoll/+0 spear (7)]
  4645 | D:5      | 4645 ||| READING 4 scrolls of teleportation.
  4645 | D:5      | HP: 4/43 [gnoll/+0 spear (2)]
  4849 | D:5      | 4849 ||| RIP OSSUARY
  4962 | D:5      | 4962 ||| Stepping ~*~*~tactically~*~*~ (stealth).
  4964 | D:5      | 4964 ||| Stepping ~*~*~tactically~*~*~ (stealth).
  4983 | D:5      | Reached skill level 7 in Axes
  5121 | D:5      | 5121 ||| FLEEEEING.
  5122 | D:5      | 5122 ||| FLEEEEING.
  5123 | D:5      | 5123 ||| FLEEEEING.
  5124 | D:5      | 5124 ||| FLEEEEING.
  5125 | D:5      | 5125 ||| FLEEEEING.
  5126 | D:5      | 5126 ||| FLEEEEING.
  5127 | D:5      | 5127 ||| STAIRDANCE
  5129 | D:4      | 5129 ||| READING scroll labelled TUSIROCLAE.
  5132 | D:5      | 5132 ||| STAIRDANCE
  5245 | D:5      | 5245 ||| STAIRDANCE
  5298 | Temple   | Entered the Ecumenical Temple
  5335 | Temple   | 5335 ||| PLANNING D:1-11
  5467 | D:5      | Reached XP level 8. HP: 44/49 MP: 6/8
  5506 | D:5      | 5506 ||| READING scroll labelled TEAMAE ROPS.
  5507 | D:5      | 5507 ||| READING 5 scrolls of teleportation.
  5689 | D:5      | Reached skill level 1 in Dodging
  5850 | D:5      | 5850 ||| UPGRADING to +0 pair of boots.
  5855 | D:5      | 5855 ||| UPGRADING to ring of protection from cold.
  5856 | D:5      | 5856 ||| READING 4 scrolls of teleportation.
  5887 | D:5      | 5887 ||| Stepping ~*~*~tactically~*~*~ (stealth).
  5888 | D:5      | 5888 ||| Stepping ~*~*~tactically~*~*~ (stealth).
  5889 | D:5      | 5889 ||| READING 3 scrolls of teleportation.
  6008 | D:5      | 6008 ||| READING 2 scrolls of identify.
  6008 | D:5      | 6008 ||| IDENTIFYING fuming silvery potion
  6009 | D:5      | 6009 ||| READING 2 scrolls of teleportation.
  6068 | D:5      | 6068 ||| READING scroll of teleportation.
  6089 | D:5      | 6089 ||| Stepping ~*~*~tactically~*~*~ (stealth).
  6091 | D:5      | 6091 ||| Stepping ~*~*~tactically~*~*~ (stealth).
  6110 | D:5      | 6110 ||| READING scroll labelled ILUYWK MUELYOV.
  6279 | D:6      | 6279 ||| Stepping ~*~*~tactically~*~*~ (stealth).
  6444 | D:6      | Noticed qw's ghost (weakling GrDe)
  6456 | D:6      | 6456 ||| Stepping ~*~*~tactically~*~*~ (stealth).
  6458 | D:6      | 6458 ||| Stepping ~*~*~tactically~*~*~ (hiding).
  6473 | D:6      | 6473 ||| Stepping ~*~*~tactically~*~*~ (hiding).
  6480 | D:6      | 6480 ||| FLEEEEING.
  6481 | D:6      | 6481 ||| FLEEEEING.
  6482 | D:6      | 6482 ||| FLEEEEING.
  6484 | D:6      | 6484 ||| FLEEEEING.
  6485 | D:6      | 6485 ||| FLEEEEING.
  6486 | D:6      | 6486 ||| FLEEEEING.
  6487 | D:6      | 6487 ||| FLEEEEING.
  6488 | D:6      | 6488 ||| FLEEEEING.
  6489 | D:6      | 6489 ||| FLEEEEING.
  6490 | D:6      | 6490 ||| FLEEEEING.
  6491 | D:6      | 6491 ||| FLEEEEING.
  6492 | D:6      | 6492 ||| FLEEEEING.
  6493 | D:6      | 6493 ||| FLEEEEING.
  6493 | D:6      | Found a runed translucent gate.
  6493 | D:6      | Found a runed translucent gate.
  6494 | D:6      | 6494 ||| FLEEEEING.
  6495 | D:6      | 6495 ||| FLEEEEING.
  6495 | D:6      | Found a runed translucent gate.
  6496 | D:6      | 6496 ||| FLEEEEING.
  6497 | D:6      | 6497 ||| FLEEEEING.
  6498 | D:6      | 6498 ||| FLEEEEING.
  6499 | D:6      | 6499 ||| FLEEEEING.
  6500 | D:6      | 6500 ||| FLEEEEING.
  6501 | D:6      | 6501 ||| FLEEEEING.
  6502 | D:6      | 6502 ||| FLEEEEING.
  6567 | D:6      | Reached skill level 8 in Axes
  6648 | D:6      | 6648 ||| Stepping ~*~*~tactically~*~*~ (stealth).
  6672 | D:6      | Reached skill level 6 in Fighting
  6981 | D:6      | 6981 ||| DRINKING 2 inky potions.
  7082 | D:6      | 7082 ||| DROPPING potion of ambrosia.
  7092 | D:7      | Noticed a wyvern
  7095 | D:7      | Killed a wyvern
  7096 | D:7      | Reached XP level 9. HP: 55/55 MP: 9/9
  7138 | D:7      | Found a white marble altar of Elyvilon.
  7157 | D:7      | 7157 ||| READING 3 scrolls of enchant weapon.
  7157 | D:7      | 7157 ||| ENCHANTING +1 spectral war axe.
  7158 | D:7      | 7158 ||| READING 2 scrolls of enchant weapon.
  7158 | D:7      | 7158 ||| ENCHANTING +2 spectral war axe.
  7159 | D:7      | 7159 ||| READING scroll of enchant weapon.
  7159 | D:7      | 7159 ||| ENCHANTING +3 spectral war axe.
  7198 | D:7      | Found a shadowy altar of Dithmenos.
  7213 | D:7      | Reached skill level 9 in Axes
  7410 | D:7      | Found a bloodstained altar of Trog.
  7410 | D:7      | Found a broken altar of Ashenzari.
  7410 | D:7      | Found a glowing silver altar of Zin.
  7417 | D:7      | Reached skill level 6 in Armour
  7477 | D:7      | Found a burning altar of Makhleb.
  7683 | D:7      | 7683 ||| UPGRADING to +0 cloak.
  7722 | D:8      | 7722 ||| Stepping ~*~*~tactically~*~*~ (stealth).
  7749 | D:8      | 7749 ||| FLEEEEING.
  7758 | D:8      | 7758 ||| STAIRDANCE
  7892 | D:8      | Reached skill level 10 in Axes
  8088 | D:8      | Found the +7 Throatcutter {drain, coup de grace}
  8088 | D:8      | Noticed a kobold demonologist
  8088 | D:8      | Noticed a kobold demonologist
  8088 | D:8      | Noticed a kobold demonologist
  8088 | D:8      | Noticed a kobold demonologist
  8088 | D:8      | Noticed a kobold demonologist
  8088 | D:8      | Noticed a kobold demonologist
  8090 | D:8      | Noticed an ice devil
  8091 | D:8      | Noticed an ice devil
  8091 | D:8      | Noticed a soul eater
  8093 | D:8      | Noticed a sun demon
  8101 | D:8      | Noticed a hellwing
  8101 | D:8      | Killed a kobold demonologist
  8101 | D:8      | Killed a kobold demonologist
  8102 | D:8      | Reached XP level 10. HP: 59/63 MP: 10/10
  8103 | D:8      | Killed a kobold demonologist
  8108 | D:8      | Killed a kobold demonologist
  8108 | D:8      | Killed a kobold demonologist
  8111 | D:8      | Killed a kobold demonologist
  8608 | D:8      | Found a runed translucent gate.
  8608 | D:8      | Found a runed translucent gate.
  8608 | D:8      | Found a runed translucent gate.
  8610 | D:8      | Found an opulent altar of Gozag.
  8610 | D:8      | Noticed a boulder beetle
  8612 | D:8      | Noticed qw's ghost (novice GrDe)
  8845 | D:8      | 8845 ||| UPGRADING to +4 ring of protection.
  8847 | D:8      | 8847 ||| READING scroll labelled VEXETT LYXOE.
  8847 | D:8      | Identified a scroll of acquirement
  8847 | D:8      | 8847 ||| ACQUIRING +9 broad axe of Defiance {flame, rPois
                  | Str-4 Int+3 Stlth+}
  8847 | D:8      | Acquired the +9 broad axe of Defiance {flame, rPois Str-4
                  | Int+3 Stlth+}
  8849 | D:8      | 8849 ||| SWAPPING to +9 broad axe of Defiance {flame, rPois
                  | Str-4 Int+3 Stlth+}.
  8850 | D:8      | 8850 ||| DROPPING +2 flail of protection.
  8851 | D:8      | 8851 ||| DROPPING +4 spectral war axe.
  8852 | D:8      | 8852 ||| READING 2 scrolls of identify.
  8852 | D:8      | 8852 ||| IDENTIFYING purple potion
  9043 | D:9      | 9043 ||| Stepping ~*~*~tactically~*~*~ (stealth).
  9090 | D:9      | Reached skill level 1 in Throwing
  9108 | D:9      | Found an opulent altar of Gozag.
  9144 | D:9      | Found a radiant altar of Vehumet.
  9148 | D:9      | 9148 ||| Stepping ~*~*~tactically~*~*~ (stealth).
  9149 | D:9      | 9149 ||| Stepping ~*~*~tactically~*~*~ (stealth).
  9151 | D:9      | 9151 ||| Stepping ~*~*~tactically~*~*~ (stealth).
  9165 | D:9      | Reached skill level 11 in Axes
  9407 | D:9      | Reached skill level 9 in Fighting
  9512 | D:9      | Found a stormy altar of Qazlal.
  9533 | D:9      | 9533 ||| READING scroll of enchant armour.
  9533 | D:9      | 9533 ||| ENCHANTING +0 pair of gloves.
  9534 | D:9      | 9534 ||| UPGRADING to +4 ring of evasion.
  9552 | D:10     | Entered Level 10 of the Dungeon
  9586 | D:10     | Noticed a two-headed ogre
  9590 | D:10     | Killed a two-headed ogre
  9591 | D:10     | Reached skill level 9 in Armour
  9591 | D:10     | Reached XP level 11. HP: 71/71 MP: 11/11
  9616 | D:10     | 9616 ||| Stepping ~*~*~tactically~*~*~ (stealth).
  9630 | D:10     | 9630 ||| Stepping ~*~*~tactically~*~*~ (stealth).
  9648 | D:10     | 9648 ||| Stepping ~*~*~tactically~*~*~ (stealth).
  9985 | D:10     | Found a staircase to the Orcish Mines.
 10010 | D:10     | Found a sacrificial altar of Ru.
 10117 | D:10     | Found an iron altar of Okawaru.
 10204 | D:10     | Found a staircase to the Lair.
 10235 | D:10     | 10235 ||| READING 2 scrolls of identify.
 10235 | D:10     | 10235 ||| IDENTIFYING smoky golden potion
 10331 | D:10     | Became a worshipper of Warmaster Okawaru
 10332 | D:10     | 10332 ||| REMOVING amulet of guardian spirit.
 10337 | D:10     | 10337 ||| DROPPING amulet of guardian spirit.
 10422 | D:11     | Noticed a boulder beetle
 10423 | D:11     | 10423 ||| PLANNING GAUNTLET
 10436 | D:11     | 10436 ||| STAIRDANCE
 10531 | D:11     | HP: 15/71 [boulder beetle (20)]
 10532 | D:11     | 10532 ||| READING 3 scrolls of teleportation.
 10539 | D:11     | 10539 ||| READING 2 scrolls of teleportation.
 10951 | D:11     | 10951 ||| DRINKING 6 potions of curing.
 10951 | D:11     | 10951 ||| (to cure confusion)
 10975 | D:11     | 10975 ||| RIP GAUNTLET
 10996 | D:11     | 10996 ||| PLANNING LAIR
 11112 | D:11     | 11112 ||| Stepping ~*~*~tactically~*~*~ (hiding).
 11113 | D:11     | 11113 ||| Stepping ~*~*~tactically~*~*~ (hiding).
 11114 | D:11     | 11114 ||| Stepping ~*~*~tactically~*~*~ (hiding).
 11120 | D:11     | Reached skill level 12 in Axes
 11282 | D:11     | 11282 ||| Stepping ~*~*~tactically~*~*~ (stealth).
 11307 | D:11     | 11307 ||| Stepping ~*~*~tactically~*~*~ (stealth).
 11345 | D:11     | 11345 ||| Stepping ~*~*~tactically~*~*~ (stealth).
 11363 | D:11     | Reached * piety under Okawaru
 11364 | D:11     | Reached skill level 6 in Shields
 11365 | D:11     | 11365 ||| INVOKING Heroism.
 11511 | D:11     | 11511 ||| UPGRADING to +2 buckler.
 11521 | D:11     | 11521 ||| DROPPING +0 buckler.
 11522 | D:11     | 11522 ||| UPGRADING to amulet of reflection.
 11527 | D:11     | 11527 ||| DROPPING ring of flight.
 11528 | D:11     | 11528 ||| READING 3 scrolls of identify.
 11528 | D:11     | 11528 ||| IDENTIFYING ruby potion
 11529 | D:11     | 11529 ||| READING 2 scrolls of identify.
 11529 | D:11     | 11529 ||| IDENTIFYING metallic amethyst potion
 11530 | D:11     | 11530 ||| DROPPING potion of brilliance.
 11652 | Lair:1   | Entered Level 1 of the Lair of Beasts
 11659 | Lair:1   | Reached skill level 1 in Invocations
 11659 | Lair:1   | 11659 ||| Stepping ~*~*~tactically~*~*~ (stealth).
 11661 | Lair:1   | 11661 ||| Stepping ~*~*~tactically~*~*~ (stealth).
 11666 | Lair:1   | 11666 ||| INVOKING Heroism.
 11759 | Lair:1   | Noticed a six-headed hydra
 11760 | Lair:1   | 11760 ||| INVOKING Heroism.
 11770 | Lair:1   | Killed a three-headed hydra
 11926 | Lair:1   | Noticed a six-headed hydra
 11927 | Lair:1   | 11927 ||| INVOKING Heroism.
 11935 | Lair:1   | Killed a one-headed hydra
 11936 | Lair:1   | Reached skill level 3 in Invocations
 12032 | Lair:1   | Noticed an eight-headed hydra
 12033 | Lair:1   | 12033 ||| INVOKING Heroism.
 12039 | Lair:1   | Killed a six-headed hydra
 12039 | Lair:1   | Reached ** piety under Okawaru
 12078 | Lair:1   | 12078 ||| INVOKING Heroism.
 12089 | Lair:1   | 12089 ||| Stepping ~*~*~tactically~*~*~ (stealth).
 12096 | Lair:1   | 12096 ||| Stepping ~*~*~tactically~*~*~ (stealth).
 12102 | Lair:1   | 12102 ||| INVOKING Heroism.
 12104 | Lair:1   | 12104 ||| Stepping ~*~*~tactically~*~*~ (stealth).
 12108 | Lair:1   | 12108 ||| Stepping ~*~*~tactically~*~*~ (stealth).
 12127 | Lair:1   | 12127 ||| INVOKING Heroism.
 12152 | Lair:1   | 12152 ||| INVOKING Heroism.
 12156 | Lair:1   | Reached XP level 12. HP: 64/77 MP: 12/15
 12328 | Lair:1   | 12328 ||| INVOKING Heroism.
 12379 | Lair:1   | 12379 ||| Stepping ~*~*~tactically~*~*~ (stealth).
 12414 | Lair:1   | 12414 ||| INVOKING Heroism.
 12458 | Lair:1   | 12458 ||| INVOKING Heroism.
 12712 | Lair:1   | Identified the +1 chain mail of the Lily {Int-3 Dex+4}
 12943 | Lair:1   | 12943 ||| DROPPING +1 chain mail of the Lily {Int-3 Dex+4}.
 12944 | Lair:1   | 12944 ||| DROPPING ring of willpower.
 12945 | Lair:1   | 12945 ||| DROPPING +6 ring of strength.
 12946 | Lair:1   | 12946 ||| READING 2 scrolls of identify.
 12946 | Lair:1   | 12946 ||| IDENTIFYING black potion
 12947 | Lair:1   | 12947 ||| DROPPING potion of invisibility.
 13084 | Lair:2   | 13084 ||| INVOKING Heroism.
 13091 | Lair:2   | Reached skill level 13 in Axes
 13104 | Lair:2   | Reached *** piety under Okawaru
 13158 | Lair:2   | Found a staircase to the Snake Pit.
 13168 | Lair:2   | Reached skill level 3 in Throwing
 13168 | Lair:2   | 13168 ||| INVOKING Heroism.
 13435 | Lair:2   | 13435 ||| Stepping ~*~*~tactically~*~*~ (stealth).
 13437 | Lair:2   | 13437 ||| INVOKING Heroism.
 13452 | Lair:2   | 13452 ||| Stepping ~*~*~tactically~*~*~ (stealth).
 13453 | Lair:2   | 13453 ||| Stepping ~*~*~tactically~*~*~ (stealth).
 13454 | Lair:2   | 13454 ||| INVOKING Heroism.
 13481 | Lair:2   | 13481 ||| INVOKING Heroism.
 13579 | Lair:2   | 13579 ||| Stepping ~*~*~tactically~*~*~ (stealth).
 13582 | Lair:2   | 13582 ||| INVOKING Heroism.
 13626 | Lair:2   | 13626 ||| Stepping ~*~*~tactically~*~*~ (stealth).
 13636 | Lair:2   | Noticed a four-headed hydra
 13637 | Lair:2   | 13637 ||| INVOKING Heroism.
 13645 | Lair:2   | Killed a one-headed hydra
 13645 | Lair:2   | Reached **** piety under Okawaru
 13871 | Lair:2   | Noticed a six-headed hydra
 13872 | Lair:2   | 13872 ||| INVOKING Heroism.
 13875 | Lair:2   | Killed a four-headed hydra
 13955 | Lair:2   | 13955 ||| DROPPING ring of wizardry.
 14001 | Lair:3   | Received a gift from Okawaru
 14015 | Lair:3   | 14015 ||| Stepping ~*~*~tactically~*~*~ (hiding).
 14019 | Lair:3   | 14019 ||| INVOKING Heroism.
 14127 | Lair:3   | 14127 ||| INVOKING Heroism.
 14140 | Lair:3   | 14140 ||| Stepping ~*~*~tactically~*~*~ (stealth).
 14150 | Lair:3   | 14150 ||| Stepping ~*~*~tactically~*~*~ (stealth).
 14153 | Lair:3   | 14153 ||| Stepping ~*~*~tactically~*~*~ (stealth).
 14155 | Lair:3   | 14155 ||| Stepping ~*~*~tactically~*~*~ (stealth).
 14161 | Lair:3   | 14161 ||| Stepping ~*~*~tactically~*~*~ (stealth).
 14167 | Lair:3   | 14167 ||| INVOKING Heroism.
 14176 | Lair:3   | Reached skill level 6 in Invocations
 14207 | Lair:3   | 14207 ||| Stepping ~*~*~tactically~*~*~ (stealth).
 14209 | Lair:3   | 14209 ||| Stepping ~*~*~tactically~*~*~ (stealth).
 14212 | Lair:3   | Received a gift from Okawaru
 14223 | Lair:3   | 14223 ||| Stepping ~*~*~tactically~*~*~ (stealth).
 14227 | Lair:3   | Reached XP level 13. HP: 82/82 MP: 17/17
 14315 | Lair:3   | Reached skill level 14 in Axes
 14402 | Lair:3   | Found a runed translucent gate.
 14403 | Lair:3   | Found a runed translucent gate.
 14404 | Lair:3   | Found a runed translucent gate.
 14410 | Lair:3   | 14410 ||| INVOKING Heroism.
 14512 | Lair:3   | 14512 ||| Stepping ~*~*~tactically~*~*~ (stealth).
 14513 | Lair:3   | 14513 ||| Stepping ~*~*~tactically~*~*~ (stealth).
 14516 | Lair:3   | Reached ***** piety under Okawaru
 14524 | Lair:3   | 14524 ||| INVOKING Heroism.
 14526 | Lair:3   | 14526 ||| Stepping ~*~*~tactically~*~*~ (water).
 14532 | Lair:3   | 14532 ||| Stepping ~*~*~tactically~*~*~ (water).
 14539 | Lair:3   | 14539 ||| Stepping ~*~*~tactically~*~*~ (water).
 14545 | Lair:3   | 14545 ||| INVOKING Heroism.
 14546 | Lair:3   | Received a gift from Okawaru
 14708 | Lair:3   | Found a staircase to the Swamp.
 14891 | Lair:3   | 14891 ||| INVOKING Heroism.
 14892 | Lair:3   | 14892 ||| INVOKING Finesse.
 14893 | Lair:3   | 14893 ||| INVOKING Finesse.
 15222 | Lair:3   | Noticed qw's ghost (journeyman TrCA)
 15226 | Lair:3   | 15226 ||| UPGRADING to +0 helmet.
 15322 | Lair:4   | 15322 ||| INVOKING Heroism.
 15323 | Lair:4   | 15323 ||| INVOKING Finesse.
 15324 | Lair:4   | 15324 ||| INVOKING Finesse.
 15339 | Lair:4   | Received a gift from Okawaru
 15611 | Lair:4   | 15611 ||| INVOKING Heroism.
 16151 | Lair:4   | 16151 ||| DRINKING 2 silvery potions.
 16152 | Lair:4   | 16152 ||| DRINKING 2 glowing yellow potions.
 16153 | Lair:4   | 16153 ||| READING 2 scrolls of identify.
 16153 | Lair:4   | 16153 ||| IDENTIFYING brown potion
 16154 | Lair:4   | 16154 ||| DROPPING potion of degeneration.
 16190 | Lair:5   | Entered Level 5 of the Lair of Beasts
 16198 | Lair:5   | 16198 ||| STAIRDANCE
 16267 | Lair:5   | 16267 ||| Stepping ~*~*~tactically~*~*~ (stealth).
 16270 | Lair:5   | 16270 ||| Stepping ~*~*~tactically~*~*~ (stealth).
 16278 | Lair:5   | 16278 ||| INVOKING Heroism.
 16279 | Lair:5   | 16279 ||| Stepping ~*~*~tactically~*~*~ (stealth).
 16383 | Lair:5   | 16383 ||| INVOKING Heroism.
 16389 | Lair:5   | Reached skill level 9 in Invocations
 16474 | Lair:5   | Found a staircase to the Slime Pits.
 16586 | Lair:5   | 16586 ||| INVOKING Heroism.
 16613 | Lair:5   | 16613 ||| INVOKING Finesse.
 16621 | Lair:5   | Received a gift from Okawaru
 16631 | Lair:5   | Received a gift from Okawaru
 16636 | Lair:5   | Gained mutation: Your large and strong wings let you fly.
                  | [Gargoyle growth]
 16636 | Lair:5   | Reached XP level 14. HP: 48/90 MP: 16/21
 16639 | Lair:5   | Received a gift from Okawaru
 16647 | Lair:5   | Reached skill level 6 in Throwing
 16664 | Lair:5   | 16664 ||| Stepping ~*~*~tactically~*~*~ (stealth).
 16666 | Lair:5   | 16666 ||| INVOKING Finesse.
 16667 | Lair:5   | 16667 ||| INVOKING Heroism.
 16683 | Lair:5   | 16683 ||| FLEEEEING.
 16716 | Lair:5   | 16716 ||| FLEEEEING.
 16724 | Lair:5   | 16724 ||| INVOKING Heroism.
 16949 | Lair:5   | 16949 ||| INVOKING Heroism.
 16950 | Lair:5   | 16950 ||| INVOKING Finesse.
 17268 | Lair:5   | 17268 ||| INVOKING Heroism.
 17269 | Lair:5   | 17269 ||| INVOKING Finesse.
 17323 | Lair:5   | Identified the amulet "Cyowuvic" {Will+ Regen+ Str+2}
 17607 | Lair:5   | 17607 ||| PLANNING D:1-11
 17607 | Lair:5   | 17607 ||| UPGRADING to +1 cloak of poison resistance.
 17617 | Lair:5   | 17617 ||| DROPPING +0 cloak.
 17618 | Lair:5   | 17618 ||| DROPPING amulet of the acrobat.
 17619 | Lair:5   | 17619 ||| UPGRADING to amulet "Cyowuvic" {Will+ Regen+
                  | Str+2}.
 17629 | Lair:5   | 17629 ||| READING scroll labelled QINUXK GAFAKUA.
 17630 | Lair:5   | 17630 ||| READING 2 scrolls of identify.
 17630 | Lair:5   | 17630 ||| IDENTIFYING murky cyan potion
 17631 | Lair:5   | 17631 ||| DROPPING potion of berserk rage.
 17780 | D:11     | 17780 ||| STAIRDANCE
 17790 | D:11     | 17790 ||| STAIRDANCE
 18098 | D:11     | 18098 ||| PLANNING D
 18148 | D:12     | You are sucked into a shaft and drop 3 floors!
 18148 | D:15     | Entered Level 15 of the Dungeon
 18173 | D:15     | 18173 ||| Stepping ~*~*~tactically~*~*~ (stealth).
 18175 | D:15     | 18175 ||| Stepping ~*~*~tactically~*~*~ (stealth).
 18177 | D:15     | 18177 ||| Stepping ~*~*~tactically~*~*~ (stealth).
 18182 | D:15     | Reached skill level 15 in Axes
 18197 | D:15     | 18197 ||| INVOKING Heroism.
 18207 | D:15     | HP: 22/90 [burnt (4)]
 18233 | D:15     | 18233 ||| INVOKING Heroism.
 18492 | D:12     | 18492 ||| Stepping ~*~*~tactically~*~*~ (hiding).
 18493 | D:12     | 18493 ||| Stepping ~*~*~tactically~*~*~ (hiding).
 18552 | D:12     | Noticed Kirke
 18553 | D:12     | 18553 ||| INVOKING Heroism.
 18554 | D:12     | 18554 ||| INVOKING Finesse.
 18563 | D:12     | Killed Kirke
 18565 | D:12     | 18565 ||| Stepping ~*~*~tactically~*~*~ (stealth).
 18581 | D:12     | 18581 ||| Stepping ~*~*~tactically~*~*~ (stealth).
 18690 | D:12     | 18690 ||| Stepping ~*~*~tactically~*~*~ (hiding).
 18888 | D:12     | 18888 ||| Stepping randomly (disturbance).
 18893 | D:12     | Reached skill level 12 in Armour
 19206 | D:13     | 19206 ||| INVOKING Heroism.
 19243 | D:13     | 19243 ||| FLEEEEING.
 19244 | D:13     | 19244 ||| FLEEEEING.
 19245 | D:13     | 19245 ||| FLEEEEING.
 19246 | D:13     | 19246 ||| FLEEEEING.
 19247 | D:13     | 19247 ||| FLEEEEING.
 19248 | D:13     | 19248 ||| FLEEEEING.
 19249 | D:13     | 19249 ||| FLEEEEING.
 19338 | D:13     | 19338 ||| FLEEEEING.
 19339 | D:13     | 19339 ||| FLEEEEING.
 19340 | D:13     | 19340 ||| FLEEEEING.
 19341 | D:13     | 19341 ||| FLEEEEING.
 19342 | D:13     | 19342 ||| FLEEEEING.
 19345 | D:13     | 19345 ||| FLEEEEING.
 19346 | D:13     | 19346 ||| FLEEEEING.
 19347 | D:13     | 19347 ||| FLEEEEING.
 19348 | D:13     | 19348 ||| FLEEEEING.
 19381 | D:13     | 19381 ||| Invisible monster not found???
 19439 | D:13     | 19439 ||| INVOKING Heroism.
 19447 | D:13     | Reached skill level 12 in Fighting
 19504 | D:13     | 19504 ||| INVOKING Heroism.
 19516 | D:13     | Received a gift from Okawaru
 19578 | D:13     | 19578 ||| INVOKING Heroism.
 19730 | D:13     | 19730 ||| Stepping ~*~*~tactically~*~*~ (hiding).
 19733 | D:13     | 19733 ||| INVOKING Heroism.
 19737 | D:13     | 19737 ||| Stepping ~*~*~tactically~*~*~ (hiding).
 19763 | D:13     | Found a gate to the Vaults.
 19773 | D:13     | Identified the +0 chain mail of the Amoeba {rElec Str-4
                  | Dex+3} (Okawaru gifted it to you on level 13 of the
                  | Dungeon)
 19773 | D:13     | Received a gift from Okawaru
 19794 | D:13     | 19794 ||| UPGRADING to +0 kite shield.
 19804 | D:13     | 19804 ||| DROPPING +2 buckler.
 19805 | D:13     | 19805 ||| DROPPING +0 chain mail of the Amoeba {rElec Str-4
                  | Dex+3}.
 19837 | D:14     | 19837 ||| INVOKING Heroism.
 19847 | D:14     | Reached XP level 15. HP: 81/96 MP: 20/22
 19955 | D:14     | 19955 ||| Stepping ~*~*~tactically~*~*~ (hiding).
 19957 | D:14     | 19957 ||| INVOKING Heroism.
 19962 | D:14     | Reached skill level 9 in Shields
 20152 | D:14     | 20152 ||| Stepping ~*~*~tactically~*~*~ (hiding).
 20196 | D:14     | 20196 ||| Stepping ~*~*~tactically~*~*~ (stealth).
 20197 | D:14     | 20197 ||| Stepping ~*~*~tactically~*~*~ (stealth).
 20198 | D:14     | 20198 ||| Stepping ~*~*~tactically~*~*~ (stealth).
 20341 | D:14     | 20341 ||| INVOKING Heroism.
 20342 | D:14     | 20342 ||| INVOKING Finesse.
 20343 | D:14     | 20343 ||| Stepping ~*~*~tactically~*~*~ (stealth).
 20344 | D:14     | 20344 ||| Stepping ~*~*~tactically~*~*~ (hiding).
 20487 | D:15     | 20487 ||| INVOKING Heroism.
 20534 | D:15     | 20534 ||| INVOKING Heroism.
 20603 | D:15     | 20603 ||| INVOKING Heroism.
 20673 | D:15     | 20673 ||| Stepping ~*~*~tactically~*~*~ (hiding).
 20804 | D:15     | 20804 ||| INVOKING Heroism.
 20820 | D:15     | Received a gift from Okawaru
 20894 | D:15     | 20894 ||| INVOKING Heroism.
 20906 | D:15     | 20906 ||| INVOKING Heroism.
 20942 | D:15     | Found a staircase to the Depths.
 21039 | D:15     | 21039 ||| INVOKING Heroism.
 21049 | D:15     | Reached skill level 12 in Shields
 21071 | D:15     | Found a bloodstained altar of Trog.
 21176 | D:15     | 21176 ||| Stepping ~*~*~tactically~*~*~ (stealth).
 21196 | D:15     | 21196 ||| Stepping ~*~*~tactically~*~*~ (hiding).
 21197 | D:15     | 21197 ||| Stepping ~*~*~tactically~*~*~ (hiding).
 21203 | D:15     | 21203 ||| INVOKING Heroism.
 21208 | D:15     | Received a gift from Okawaru
 21215 | D:15     | Reached skill level 16 in Axes
 21231 | D:15     | 21231 ||| Stepping ~*~*~tactically~*~*~ (stealth).
 21234 | D:15     | 21234 ||| Stepping ~*~*~tactically~*~*~ (stealth).
 21259 | D:15     | Identified the +2 robe "Pium" {Str+4 Int+5}
 21308 | D:15     | 21308 ||| PLANNING ORC
 21308 | D:15     | 21308 ||| UPGRADING to +2 cloak of willpower.
 21318 | D:15     | 21318 ||| DROPPING +1 cloak of poison resistance.
 21483 | Orc:1    | Entered Level 1 of the Orcish Mines
 21486 | Orc:1    | 21486 ||| INVOKING Heroism.
 21490 | Orc:1    | 21490 ||| Stepping ~*~*~tactically~*~*~ (hiding).
 21543 | Orc:1    | 21543 ||| INVOKING Heroism.
 21586 | Orc:1    | 21586 ||| Stepping ~*~*~tactically~*~*~ (stealth).
 21588 | Orc:1    | 21588 ||| Stepping ~*~*~tactically~*~*~ (hiding).
 21614 | Orc:1    | 21614 ||| Stepping ~*~*~tactically~*~*~ (hiding).
 21617 | Orc:1    | 21617 ||| Stepping ~*~*~tactically~*~*~ (hiding).
 21631 | Orc:1    | 21631 ||| Stepping ~*~*~tactically~*~*~ (stealth).
 21633 | Orc:1    | 21633 ||| INVOKING Heroism.
 21716 | Orc:1    | Noticed Maurice
 21717 | Orc:1    | 21717 ||| Stepping ~*~*~tactically~*~*~ (stealth).
 21719 | Orc:1    | 21719 ||| Stepping ~*~*~tactically~*~*~ (stealth).
 21721 | Orc:1    | 21721 ||| Stepping ~*~*~tactically~*~*~ (hiding).
 21732 | Orc:1    | Killed Maurice
 21873 | Orc:1    | 21873 ||| UPGRADING to +4 plate armour.
 21883 | Orc:1    | 21883 ||| DROPPING +0 plate armour.
 21905 | Orc:2    | Entered Level 2 of the Orcish Mines
 21905 | Orc:2    | Found a staircase to the Elven Halls.
 21971 | Orc:2    | 21971 ||| Stepping ~*~*~tactically~*~*~ (stealth).
 21974 | Orc:2    | 21974 ||| Stepping ~*~*~tactically~*~*~ (hiding).
 21975 | Orc:2    | 21975 ||| Stepping ~*~*~tactically~*~*~ (hiding).
 21977 | Orc:2    | 21977 ||| INVOKING Heroism.
 22032 | Orc:2    | 22032 ||| Stepping ~*~*~tactically~*~*~ (stealth).
 22035 | Orc:2    | 22035 ||| Stepping ~*~*~tactically~*~*~ (stealth).
 22038 | Orc:2    | 22038 ||| Stepping ~*~*~tactically~*~*~ (hiding).
 22039 | Orc:2    | 22039 ||| Stepping ~*~*~tactically~*~*~ (hiding).
 22040 | Orc:2    | 22040 ||| Stepping ~*~*~tactically~*~*~ (hiding).
 22205 | Orc:2    | 22205 ||| Stepping ~*~*~tactically~*~*~ (stealth).
 22207 | Orc:2    | 22207 ||| Stepping ~*~*~tactically~*~*~ (stealth).
 22208 | Orc:2    | 22208 ||| Stepping ~*~*~tactically~*~*~ (stealth).
 22210 | Orc:2    | 22210 ||| Stepping ~*~*~tactically~*~*~ (stealth).
 22212 | Orc:2    | 22212 ||| Stepping ~*~*~tactically~*~*~ (stealth).
 22217 | Orc:2    | 22217 ||| INVOKING Heroism.
 22262 | Orc:2    | 22262 ||| Stepping ~*~*~tactically~*~*~ (stealth).
 22264 | Orc:2    | 22264 ||| Stepping ~*~*~tactically~*~*~ (stealth).
 22266 | Orc:2    | 22266 ||| Stepping ~*~*~tactically~*~*~ (hiding).
 22268 | Orc:2    | 22268 ||| Stepping ~*~*~tactically~*~*~ (hiding).
 22269 | Orc:2    | 22269 ||| Stepping ~*~*~tactically~*~*~ (hiding).
 22270 | Orc:2    | 22270 ||| Stepping ~*~*~tactically~*~*~ (hiding).
 22272 | Orc:2    | Noticed an orc warlord
 22273 | Orc:2    | 22273 ||| INVOKING Heroism.
 22274 | Orc:2    | 22274 ||| INVOKING Finesse.
 22310 | Orc:2    | Killed an orc warlord
 22339 | Orc:2    | 22339 ||| FLEEEEING.
 22380 | Orc:2    | 22380 ||| INVOKING Heroism.
 22471 | Orc:2    | 22471 ||| INVOKING Heroism.
 22486 | Orc:2    | Reached XP level 16. HP: 91/100 MP: 23/23
 22547 | Orc:2    | 22547 ||| INVOKING Heroism.
 22586 | Orc:2    | Reached skill level 3 in Dodging
 22754 | Orc:2    | Found Neiq's Book Shoppe.
 22754 | Orc:2    | Found Viramar's General Store.
 22754 | Orc:2    | Found Diahitoz's Magic Scroll Boutique.
 22755 | Orc:2    | 22755 ||| Stepping ~*~*~tactically~*~*~ (hiding).
 22760 | Orc:2    | 22760 ||| INVOKING Heroism.
 22765 | Orc:2    | 22765 ||| Stepping ~*~*~tactically~*~*~ (hiding).
 22793 | Orc:2    | Found Tibbal's Magic Scroll Emporium.
 22801 | Orc:2    | 22801 ||| BUYING scroll of enchant armour (105 gold).
 22801 | Orc:2    | Bought a scroll of enchant armour for 105 gold pieces
 22801 | Orc:2    | 22801 ||| READING scroll of enchant armour.
 22801 | Orc:2    | 22801 ||| ENCHANTING +1 pair of gloves.
 22804 | Orc:2    | 22804 ||| BUYING scroll of enchant armour (75 gold).
 22804 | Orc:2    | Bought a scroll of enchant armour for 75 gold pieces
 22804 | Orc:2    | 22804 ||| BUYING scroll of enchant armour (75 gold).
 22804 | Orc:2    | Bought a scroll of enchant armour for 75 gold pieces
 22804 | Orc:2    | 22804 ||| BUYING scroll of identify (20 gold).
 22804 | Orc:2    | Bought a scroll of identify for 20 gold pieces
 22804 | Orc:2    | 22804 ||| BUYING scroll of teleportation (30 gold).
 22804 | Orc:2    | Bought a scroll of teleportation for 30 gold pieces
 22804 | Orc:2    | 22804 ||| BUYING scroll of teleportation (30 gold).
 22804 | Orc:2    | Bought a scroll of teleportation for 30 gold pieces
 22804 | Orc:2    | 22804 ||| READING 2 scrolls of enchant armour.
 22804 | Orc:2    | 22804 ||| ENCHANTING +0 helmet.
 22805 | Orc:2    | 22805 ||| READING scroll of enchant armour.
 22805 | Orc:2    | 22805 ||| ENCHANTING +1 helmet.
 22820 | Orc:2    | 22820 ||| BUYING scroll of teleportation (45 gold).
 22820 | Orc:2    | Bought a scroll of teleportation for 45 gold pieces
 22825 | Orc:2    | 22825 ||| INVOKING Heroism.
 22929 | Orc:2    | 22929 ||| Stepping ~*~*~tactically~*~*~ (hiding).
 22930 | Orc:2    | 22930 ||| Stepping ~*~*~tactically~*~*~ (hiding).
 23043 | Orc:2    | 23043 ||| Stepping ~*~*~tactically~*~*~ (stealth).
 23044 | Orc:2    | 23044 ||| Stepping ~*~*~tactically~*~*~ (stealth).
 23047 | Orc:2    | 23047 ||| Stepping ~*~*~tactically~*~*~ (hiding).
 23289 | Orc:1    | 23289 ||| INVOKING Heroism.
 23434 | Orc:1    | 23434 ||| PLANNING SWAMP:1-3
 23632 | Swamp:1  | Entered Level 1 of the Swamp
 23638 | Swamp:1  | 23638 ||| Stepping ~*~*~tactically~*~*~ (hiding).
 23651 | Swamp:1  | 23651 ||| INVOKING Heroism.
 23655 | Swamp:1  | Noticed a thorn hunter
 23665 | Swamp:1  | 23665 ||| Stepping ~*~*~tactically~*~*~ (cloud).
 23677 | Swamp:1  | Killed a thorn hunter
 23775 | Swamp:1  | 23775 ||| INVOKING Heroism.
 23842 | Swamp:1  | You are sucked into a shaft and drop 1 floor!
 23843 | Swamp:2  | 23843 ||| INVOKING Heroism.
 23850 | Swamp:2  | Reached skill level 17 in Axes
 23864 | Swamp:2  | 23864 ||| Stepping ~*~*~tactically~*~*~ (stealth).
 23884 | Swamp:2  | Received a gift from Okawaru
 23894 | Swamp:2  | 23894 ||| Stepping ~*~*~tactically~*~*~ (stealth).
 23915 | Swamp:2  | Found a shimmering blue altar of Sif Muna.
 23979 | Swamp:2  | 23979 ||| Stepping ~*~*~tactically~*~*~ (hiding).
 24157 | Swamp:1  | 24157 ||| INVOKING Heroism.
 24159 | Swamp:1  | Received a gift from Okawaru
 24161 | Swamp:1  | 24161 ||| Stepping ~*~*~tactically~*~*~ (hiding).
 24335 | Swamp:1  | 24335 ||| INVOKING Heroism.
 24359 | Swamp:1  | Noticed Donald
 24376 | Swamp:1  | Killed Donald
 24455 | Swamp:1  | 24455 ||| Stepping ~*~*~tactically~*~*~ (hiding).
 24456 | Swamp:1  | 24456 ||| Stepping ~*~*~tactically~*~*~ (hiding).
 24457 | Swamp:1  | 24457 ||| Stepping ~*~*~tactically~*~*~ (hiding).
 24606 | Swamp:1  | 24606 ||| INVOKING Heroism.
 24654 | Swamp:1  | Noticed a tentacled monstrosity
 24670 | Swamp:1  | 24670 ||| INVOKING Heroism.
 24671 | Swamp:1  | 24671 ||| INVOKING Finesse.
 24680 | Swamp:1  | Killed a tentacled monstrosity
 24727 | Swamp:1  | 24727 ||| READING scroll of enchant armour.
 24727 | Swamp:1  | 24727 ||| ENCHANTING +0 pair of boots.
 24785 | Swamp:1  | 24785 ||| UPGRADING to +0 kite shield of reflection.
 24795 | Swamp:1  | 24795 ||| DROPPING +0 kite shield.
 24846 | Swamp:2  | 24846 ||| INVOKING Heroism.
 24869 | Swamp:2  | Received a gift from Okawaru
 25210 | Swamp:3  | Noticed Nikola
 25211 | Swamp:3  | 25211 ||| INVOKING Heroism.
 25238 | Swamp:3  | 25238 ||| INVOKING Finesse.
 25256 | Swamp:3  | HP: 7/104 [Nikola/arc of chain lightning (50)]
 25257 | Swamp:3  | 25257 ||| READING 10 scrolls of teleportation.
 25258 | Swamp:3  | 25258 ||| DRINKING 2 potions of heal wounds.
 25261 | Swamp:3  | Killed Nikola
 25267 | Swamp:3  | Identified the +5 pair of gloves of Tune {MP+9 Int+4}
                  | (Okawaru gifted it to you on level 3 of the Swamp)
 25267 | Swamp:3  | Received a gift from Okawaru
 25268 | Swamp:3  | HP: 26/104 [spriggan rider/+0 spear (3)]
 25269 | Swamp:3  | 25269 ||| READING 9 scrolls of teleportation.
 25270 | Swamp:3  | 25270 ||| DRINKING potion of heal wounds.
 25275 | Swamp:3  | 25275 ||| INVOKING Heroism.
 25316 | Swamp:3  | 25316 ||| Stepping ~*~*~tactically~*~*~ (stealth).
 25320 | Swamp:3  | 25320 ||| Stepping ~*~*~tactically~*~*~ (stealth).
 25322 | Swamp:3  | 25322 ||| INVOKING Heroism.
 25402 | Swamp:3  | 25402 ||| INVOKING Heroism.
 25441 | Swamp:3  | 25441 ||| INVOKING Heroism.
 25452 | Swamp:3  | 25452 ||| Stepping ~*~*~tactically~*~*~ (stealth).
 25453 | Swamp:3  | 25453 ||| Stepping ~*~*~tactically~*~*~ (stealth).
 25467 | Swamp:3  | 25467 ||| Stepping ~*~*~tactically~*~*~ (hiding).
 25855 | Swamp:3  | 25855 ||| PLANNING SNAKE:1-3
 25855 | Swamp:3  | 25855 ||| UPGRADING to +5 pair of gloves of Tune {MP+9
                  | Int+4}.
 25865 | Swamp:3  | 25865 ||| DROPPING +2 pair of gloves.
 25996 | Snake:1  | Entered Level 1 of the Snake Pit
 26006 | Snake:1  | 26006 ||| INVOKING Heroism.
 26069 | Snake:1  | Reached skill level 18 in Axes
 26090 | Snake:1  | 26090 ||| Stepping ~*~*~tactically~*~*~ (hiding).
 26097 | Snake:1  | 26097 ||| INVOKING Heroism.
 26101 | Snake:1  | Reached XP level 17. HP: 103/108 MP: 24/24
 26261 | Snake:1  | 26261 ||| Stepping ~*~*~tactically~*~*~ (stealth).
 26263 | Snake:1  | 26263 ||| Stepping ~*~*~tactically~*~*~ (stealth).
 26265 | Snake:1  | 26265 ||| Stepping ~*~*~tactically~*~*~ (stealth).
 26296 | Snake:1  | 26296 ||| Stepping ~*~*~tactically~*~*~ (hiding).
 26389 | Snake:1  | 26389 ||| Stepping ~*~*~tactically~*~*~ (hiding).
 26555 | Snake:1  | 26555 ||| Stepping ~*~*~tactically~*~*~ (stealth).
 26757 | Snake:2  | 26757 ||| Stepping ~*~*~tactically~*~*~ (hiding).
 26760 | Snake:2  | 26760 ||| Stepping ~*~*~tactically~*~*~ (stealth).
 26764 | Snake:2  | 26764 ||| STAIRDANCE
 26821 | Snake:2  | Noticed Aizul
 26822 | Snake:2  | 26822 ||| INVOKING Heroism.
 26823 | Snake:2  | 26823 ||| INVOKING Finesse.
 26848 | Snake:2  | Killed Aizul
 26883 | Snake:2  | Noticed Jorgrun
 26899 | Snake:2  | 26899 ||| INVOKING Heroism.
 26904 | Snake:2  | Killed Jorgrun
 26967 | Snake:2  | 26967 ||| Stepping ~*~*~tactically~*~*~ (hiding).
 27293 | Snake:2  | 27293 ||| INVOKING Heroism.
 27311 | Snake:2  | 27311 ||| Stepping ~*~*~tactically~*~*~ (hiding).
 27377 | Snake:2  | 27377 ||| INVOKING Heroism.
 27389 | Snake:2  | HP: 26/111 [nagaraja/+0 whip (12)]
 27390 | Snake:2  | 27390 ||| READING 9 scrolls of teleportation.
 27391 | Snake:2  | 27391 ||| DRINKING 2 potions of heal wounds.
 27508 | Snake:2  | 27508 ||| INVOKING Heroism.
 27510 | Snake:2  | Noticed Vashnia
 27533 | Snake:2  | Killed Vashnia
 27657 | Snake:2  | 27657 ||| INVOKING Heroism.
 27684 | Snake:2  | Received a gift from Okawaru
 27741 | Snake:2  | Noticed Mlioglotl
 27742 | Snake:2  | 27742 ||| INVOKING Heroism.
 27743 | Snake:2  | 27743 ||| INVOKING Finesse.
 27760 | Snake:2  | Killed Mlioglotl
 27873 | Snake:2  | 27873 ||| Stepping ~*~*~tactically~*~*~ (hiding).
 27877 | Snake:2  | 27877 ||| INVOKING Heroism.
 27884 | Snake:2  | 27884 ||| Stepping ~*~*~tactically~*~*~ (hiding).
 27895 | Snake:2  | 27895 ||| Stepping ~*~*~tactically~*~*~ (hiding).
 27898 | Snake:2  | 27898 ||| Stepping ~*~*~tactically~*~*~ (hiding).
 27924 | Snake:2  | 27924 ||| Stepping ~*~*~tactically~*~*~ (hiding).
 27929 | Snake:2  | 27929 ||| INVOKING Heroism.
 28194 | Snake:2  | 28194 ||| DROPPING +1 pair of boots of stealth.
 28195 | Snake:2  | 28195 ||| UPGRADING to +2 tower shield of cold resistance.
 28205 | Snake:2  | 28205 ||| DROPPING +0 kite shield of reflection.
 28206 | Snake:2  | 28206 ||| DROPPING amulet of regeneration.
 28231 | Snake:3  | 28231 ||| STAIRDANCE
 28238 | Snake:3  | 28238 ||| INVOKING Heroism.
 28243 | Snake:3  | 28243 ||| STAIRDANCE
 28289 | Snake:3  | Found a frozen archway.
 28290 | Snake:3  | 28290 ||| INVOKING Heroism.
 28291 | Snake:3  | 28291 ||| INVOKING Finesse.
 28356 | Snake:3  | 28356 ||| INVOKING Heroism.
 28525 | Snake:3  | Reached skill level 15 in Shields
 28533 | Snake:3  | 28533 ||| INVOKING Heroism.
 28655 | Snake:3  | 28655 ||| INVOKING Heroism.
 28727 | Snake:3  | 28727 ||| Stepping ~*~*~tactically~*~*~ (hiding).
 28732 | Snake:3  | 28732 ||| Stepping ~*~*~tactically~*~*~ (hiding).
 28733 | Snake:3  | 28733 ||| Stepping ~*~*~tactically~*~*~ (hiding).
 28976 | Snake:3  | 28976 ||| PLANNING SWAMP:4
 28976 | Snake:3  | 28976 ||| DROPPING ring of magical power.
 29142 | Swamp:4  | Entered Level 4 of the Swamp
 29182 | Swamp:4  | Reached XP level 18. HP: 116/116 MP: 25/25
 29182 | Swamp:4  | 29182 ||| Stepping ~*~*~tactically~*~*~ (hiding).
 29198 | Swamp:4  | 29198 ||| INVOKING Heroism.
 29204 | Swamp:4  | Received a gift from Okawaru
 29208 | Swamp:4  | Noticed Mara
 29209 | Swamp:4  | 29209 ||| INVOKING Finesse.
 29211 | Swamp:4  | 29211 ||| READING 10 scrolls of teleportation.
 29214 | Swamp:4  | Noticed qw's illusion
 29224 | Swamp:4  | 29224 ||| Stepping ~*~*~tactically~*~*~ (stealth).
 29260 | Swamp:4  | 29260 ||| Stepping ~*~*~tactically~*~*~ (stealth).
 29261 | Swamp:4  | 29261 ||| Stepping ~*~*~tactically~*~*~ (stealth).
 29270 | Swamp:4  | Noticed the 27-headed Lernaean hydra
 29273 | Swamp:4  | 29273 ||| Stepping ~*~*~tactically~*~*~ (hiding).
 29274 | Swamp:4  | 29274 ||| Stepping ~*~*~tactically~*~*~ (hiding).
 29275 | Swamp:4  | 29275 ||| INVOKING Heroism.
 29276 | Swamp:4  | 29276 ||| INVOKING Finesse.
 29287 | Swamp:4  | Killed the 20-headed Lernaean hydra
 29330 | Swamp:4  | HP: 20/116 [Mara/+2 demon trident of pain (17)]
 29331 | Swamp:4  | 29331 ||| READING 9 scrolls of teleportation.
 29332 | Swamp:4  | 29332 ||| DRINKING potion of heal wounds.
 29365 | Swamp:4  | 29365 ||| Stepping ~*~*~tactically~*~*~ (stealth).
 29369 | Swamp:4  | 29369 ||| Stepping ~*~*~tactically~*~*~ (stealth).
 29371 | Swamp:4  | 29371 ||| INVOKING Heroism.
 29385 | Swamp:4  | 29385 ||| INVOKING Finesse.
 29408 | Swamp:4  | 29408 ||| INVOKING Heroism.
 29410 | Swamp:4  | HP: 29/116 [constriction (14)]
 29411 | Swamp:4  | 29411 ||| READING 8 scrolls of teleportation.
 29415 | Swamp:4  | HP: 28/116 [constriction (4)]
 29568 | Swamp:4  | 29568 ||| INVOKING Heroism.
 29572 | Swamp:4  | 29572 ||| INVOKING Finesse.
 29579 | Swamp:4  | Noticed qw's illusion
 29621 | Swamp:4  | Killed from afar by Mara

Levels and vault maps discovered:
D:1:      lemuel_arrival_muddy, layout_basic, chequers_serial_rivers_micro_b
D:2:      layout_basic, uniq_terence, uniq_natasha
D:3:      layout_rooms, nicolae_hepliaklqana_hazy_memory, kennysheep_path_1,
          serial_park_tiny_2, kennysheep_crisscross, nicolae_eternal_life
D:4:      layout_cave_pools, kennysheep_mini, nemelex_xobeh_ov_fountains_minmay,
          eat_drink_and_be_merry_uskayaw, kennysheep_big_empty_room
D:5:      layout_loops_ring, minmay_temple_entry_ruins,
          nicolae_ossuary_entry_ruins, minmay_puff
D:6:      layout_basic, gammafunk_ghost_split
D:7:      layout_cave_pools, nicolae_overflow_hidden_temple,
          mainiacjoe_overflow_concentric_impassable,
          gammafunk_temple_overflow_claw, amcnicky_altar_gilded, fountainhead,
          uniq_crazy_yiuf_cottage
D:8:      layout_loops_ring, ebering_ghost_gozag, grunt_ministairs_2,
          dilly_guarded_unrand_throatcut
D:9:      layout_cross, nicolae_vehumet_radiance,
          nicolae_qazlal_general_emergency, lemuel_coloured_pillars_altar
D:10:     layout_loops_ring, mainiacjoe_overflow_alcove_2,
          mainiacjoe_overflow_six_doors_small, lair_entry_dummy, orc_0_dummy
D:11:     layout_basic, gauntlet_entry_generic,
          nicolae_concentric_dashed_squares_mild, kennysheep_generic_room_8
D:12:     layout_loops_cross, uniq_kirke
D:13:     layout_basic, grunt_vaults_entry_fortified
D:14:     layout_cave_pools, minmay_misc_feat_five, minmay_misc_feat_diagonals
D:15:     grunt_enter_depths_hoard, layout_gridville, hex_medium,
          trog_butcher_becter
Temple:   nicolae_temple_ecumenical_triangle
Lair:1:   layout_cave_pods, infiniplex_staircase_pool_2
Lair:2:   layout_roguey, guppyfry_snake_entry_island, lemuel_fruit_tree
Lair:3:   layout_regular_city, palyth_hydra_swamp_entry,
          gammafunk_ghost_necromancy, st_stairs_5
Lair:4:   layout_regular_city, dpeg_oklob_1
Lair:5:   evilmike_catoblepas_cave, layout_regular_city, slime_entry_1,
          hibernation_bobbens, grunt_megastairs_3
Swamp:1:  cheibrodos_swamp_monstrosity, layout_falls_marsh,
          hangedman_swamp_lotus, uniq_donald
Swamp:2:  layout_basic_swamp, basic_altar, swamp_pool2
Swamp:3:  layout_basic_swamp, nicolae_swamp_tree_isthmus, uniq_nikola
Swamp:4:  swamp_alternative, layout_basic_swamp, swamp_pool1, uniq_mara
Snake:1:  layout_rooms
Snake:2:  layout_cave_shapes, nicolae_snake_magic_snake_eye,
          nicolae_triple_integral, uniq_aizul, uniq_jorgrun, uniq_vashnia,
          uniq_mlioglotl
Snake:3:  layout_cave_shapes, portal_ice_cave_entry_ice_statue_one
Orc:1:    layout_caves, nicolae_orc_damp_corner, uniq_maurice
Orc:2:    st_orc_rangers, layout_diamond_mine

Skill      XL: |  1  2  3  4  5  6  7  8  9 10 11 12 13 14 15 16 17 18 |
---------------+-------------------------------------------------------+-----
Axes           | 2 3 4 5 6 7 8 10 11 12 13 14 15 16 18 | 18.0
Fighting       | 4 5 6 7 9 10 11 12 13 14 | 14.0
Armour         | 4 5 7 9 10 11 12 13 14 | 14.0
Dodging        | 1 2 3 |  3.0
Shields        | 4 5 6 7 8 13 15 17 | 17.6
Throwing       | 1 2 4 5 6 7 8 |  8.0
Invocations    | 4 6 10 | 10.0

Action                   |  1- 3 |  4- 6 |  7- 9 | 10-12 | 13-15 | 16-18 || total
-------------------------+-------+-------+-------+-------+-------+-------++-------
Melee: War axe           |   119 |   100 |   164 |    15 |       |       ||   398
       Broad axe         |       |       |       |   351 |   780 |  1017 ||  2148
Throw: Boomerang         |       |       |       |    26 |    34 |     4 ||    64
       Javelin           |       |       |       |    42 |   128 |    48 ||   218
Invok: Heroism           |       |       |       |    23 |    40 |    38 ||   101
       Finesse           |       |       |       |       |     9 |     9 ||    18
  Use: Scroll            |     4 |     8 |    13 |     9 |     3 |    10 ||    47
       Potion            |       |     3 |     1 |     1 |     2 |     4 ||    11
 Stab: Confused          |       |       |       |       |       |     2 ||     2
Armor: Scale mail        |    33 |       |       |       |       |       ||    33
       Plate armour      |    16 |    69 |   133 |   182 |   380 |   576 ||  1356
Dodge: Dodged            |    37 |    23 |    47 |    94 |   251 |   382 ||   834
Block: Buckler           |    18 |    12 |    28 |   120 |   166 |       ||   344
       Reflection        |       |       |       |     1 |     2 |    48 ||    51
       Kite shield       |       |       |       |       |   221 |   420 ||   641
       Tower shield      |       |       |       |       |       |   285 ||   285

Table legend:
 A = Non-vault XP
 B = Vault XP
 C = Vault XP percentage of total XP
 D = Non-vault monster count
 E = Vault monster count
 F = Vault count percentage of total count
                 A         B        C        D         E       F
            +---------+---------+-------+---------+---------+-------
      Total |  194909 |   80477 |  29.2 |     715 |     169 |  19.1
            +---------+---------+-------+---------+---------+-------
        D:1 |      54 |       0 |   0.0 |      32 |       0 |   0.0
        D:2 |     103 |      71 |  40.8 |      19 |       2 |   9.5
        D:3 |     111 |       0 |   0.0 |      19 |       0 |   0.0
        D:4 |     219 |       0 |   0.0 |      10 |       0 |   0.0
        D:5 |     744 |      56 |   7.0 |      12 |       3 |  20.0
        D:6 |     979 |       0 |   0.0 |      20 |       0 |   0.0
        D:7 |     874 |       0 |   0.0 |      10 |       0 |   0.0
        D:8 |    1122 |    2739 |  70.9 |      11 |      12 |  52.2
        D:9 |    2089 |       0 |   0.0 |      19 |       0 |   0.0
       D:10 |    2399 |       0 |   0.0 |      23 |       0 |   0.0
       D:11 |    3591 |     200 |   5.3 |      25 |       2 |   7.4
       D:12 |    2323 |    1658 |  41.6 |       6 |       2 |  25.0
       D:13 |    7208 |    7168 |  49.9 |      15 |      10 |  40.0
       D:14 |   10871 |       0 |   0.0 |      27 |       0 |   0.0
       D:15 |   19441 |    2067 |   9.6 |      40 |       6 |  13.0
     Lair:1 |    6705 |       0 |   0.0 |      23 |       0 |   0.0
     Lair:2 |    6931 |     317 |   4.4 |      27 |       2 |   6.9
     Lair:3 |    7116 |    2872 |  28.8 |      27 |       9 |  25.0
     Lair:4 |     630 |    1152 |  64.6 |       4 |       2 |  33.3
     Lair:5 |   10432 |   13976 |  57.3 |      35 |      31 |  47.0
    Swamp:1 |   12358 |    3270 |  20.9 |      23 |       2 |   8.0
    Swamp:2 |   10731 |       0 |   0.0 |      26 |       0 |   0.0
    Swamp:3 |   13020 |    2341 |  15.2 |      29 |       1 |   3.3
    Swamp:4 |   15343 |   18536 |  54.7 |      21 |      26 |  55.3
    Snake:1 |   15601 |       0 |   0.0 |      31 |       0 |   0.0
    Snake:2 |   12375 |   18987 |  60.5 |      30 |      20 |  40.0
    Snake:3 |   16908 |     466 |   2.7 |      31 |       1 |   3.1
      Orc:1 |    3704 |     439 |  10.6 |      50 |       1 |   2.0
      Orc:2 |   10927 |    4162 |  27.6 |      70 |      37 |  34.6
            +---------+---------+-------+---------+---------+-------
